 Dungeon Crawl Stone Soup version 0.30-a0-1155-gf8af5b4991 (webtiles) character file.

Game seed: 14993784027562965449

209368 CryoSword the Champion of Chaos (level 20, -16/170 HPs)
             Began as a Formicid Fighter on Apr 23, 2023.
             Was the Champion of Makhleb.
             Killed from afar by a salamander tyrant (43 damage)
             ... with a flame surge
             ... on level 4 of the Snake Pit on Apr 24, 2023.
             The game lasted 01:12:07 (32206 turns).

CryoSword the Champion of Chaos (Formicid Fighter) Turns: 32206, Time: 01:12:08

Health: -16/170    AC: 27    Str: 30    XL:     20   Next: 0%
Magic:  0/33       EV: 16    Int:  8    God:    Makhleb [******]
Gold:   1262       SH: 23    Dex: 13    Spells: 19/19 levels left

rFire   . . .        w - +5 lajatang (speed)
rCold   + + +        D - +4 tower shield {reflect}
rNeg    + . .        R - +0 plate armour of Ennui {rC+++ rN+ Str-2 Slay+5}
rPois   +            (helmet unavailable)
rElec   +            d - +2 cloak {rPois}
rCorr   .            t - +2 pair of gloves
SInv    +            r - +2 pair of boots
Will    ++...        B - amulet of guardian spirit Stlth
                     L - ring of Puplud {rElec Str+2 Slay+4, =R}
HPRegen 0.48/turn    g - +5 ring of evasion
MPRegen 0.23/turn

%: reflection, guardian spirit
@: weakened, flying
A: permanent stasis, dig shafts and tunnels, antennae 3, four strong arms
a: Dig, Shaft Self, Renounce Religion, Minor Destruction, Lesser Servant of
Makhleb, Major Destruction, Greater Servant of Makhleb


You were on level 4 of the Snake Pit.
You worshipped Makhleb.
Makhleb was exalted by your worship.
You visited 5 branches of the dungeon, and saw 27 of its levels.
You also visited: Ossuary.

You collected 4320 gold pieces.
You spent 3058 gold pieces at shops.

Inventory:

Hand Weapons
 a - a +0 quarterstaff of electrocution
 w - a +5 lajatang of speed (weapon)
   (You took it off Agnes on level 2 of the Snake Pit)
Missiles
 l - 4 curare-tipped darts
 E - 8 poisoned darts
Armour
 d - a +2 cloak of poison resistance (worn)
   (You bought it in a shop on level 9 of the Dungeon)
 r - a +2 pair of boots (worn)
   (You found it on level 1 of the Lair of Beasts)
 t - a +2 pair of gloves (worn)
   (You found it on level 10 of the Dungeon)
 D - a +4 tower shield of reflection (worn)
   (You took it off a naga warrior on level 1 of the Snake Pit)
 R - the +0 plate armour of Ennui (worn) {rC+++ rN+ Str-2 Slay+5}
   (You acquired it on level 5 of the Lair of Beasts)

   Str:       It affects your strength (-2).
   Slay:      It affects your accuracy & damage with ranged weapons and melee
   (+5).
   rC:        It renders you almost immune to cold.
   rN:        It protects you from negative energy.
Jewellery
 g - a +5 ring of evasion (right hand)
   (You found it on level 1 of the Dungeon)
 m - a ring of protection from fire
   (You found it on level 3 of the Snake Pit)
 n - a ring of willpower
   (You found it on level 5 of the Dungeon)
 B - an amulet of guardian spirit (around neck)
   (You found it on level 6 of the Dungeon)
 F - a ring of resist corrosion
   (You found it on level 12 of the Dungeon)
 I - a ring of fire
   (You found it on level 12 of the Dungeon)
 J - a ring of protection from cold
   (You found it on level 11 of the Dungeon)
 L - the ring of Puplud (left hand) {rElec Str+2 Slay+4, =R}
   (You acquired it on level 5 of the Lair of Beasts)

   [ring of slaying]

   Str:       It affects your strength (+2).
   Slay:      It affects your accuracy & damage with ranged weapons and melee
   (+4).
   rElec:     It insulates you from electricity.
 Q - a +5 ring of evasion
   (You found it on level 5 of the Lair of Beasts)
Wands
 h - a wand of mindburst (6)
   (You found it on level 7 of the Dungeon)
 p - a wand of digging (7)
   (You found it on level 2 of the Dungeon)
 x - a wand of iceblast (17) (quivered)
   (You found it on level 9 of the Dungeon)
 G - a wand of charming (19)
   (You found it on level 11 of the Dungeon)
 O - a wand of acid (11)
   (You found it on level 3 of the Lair of Beasts)
Scrolls
 e - 3 scrolls of silence
 i - 7 scrolls of fog
 u - 3 scrolls of summoning
 z - 3 scrolls of immolation {!r}
 A - 4 scrolls of magic mapping
 C - 4 scrolls of poison {!r}
 H - a scroll of fear
 S - a scroll of enchant armour
Potions
 b - 9 potions of flight
 f - 5 potions of mutation {!q}
 j - 3 potions of resistance
 k - 3 potions of lignification {!q}
 o - 3 potions of cancellation
 q - 12 potions of curing {@q1}
 v - 6 potions of attraction {!q}
 K - 8 potions of ambrosia
 M - 3 potions of magic
 U - a potion of might
Miscellaneous
 c - a phantom mirror
   (You bought it in a shop on level 2 of the Orcish Mines)
 y - a lightning rod (4/4) {!a}
   (You found it on level 2 of the Snake Pit)
 N - a box of beasts
   (You found it on level 2 of the Lair of Beasts)
 P - a condenser vane
   (You found it on level 13 of the Dungeon)
 V - a phial of floods
   (You bought it in a shop on level 10 of the Dungeon)


   Skills:
 + Level 17.8 Fighting
 - Level 3.2(9.5) Polearms
 - Level 13.8(14.0) Staves
 + Level 14.3 Armour
 - Level 10.0 Dodging
 - Level 5.5 Stealth
 + Level 16.4 Shields
 * Level 18.8 Invocations
 + Level 8.0 Evocations


You had 19 spell levels left.
You didn't know any spells.
Your spell library contained the following spells:

 Spells                   Type           Power      Damage    Failure   Level
 Lesser Beckoning         Tloc           0%         N/A       100%        2
 Scorch                   Fire           0%         2d5       100%        2
 Sublimation of Blood     Necr           0%         N/A       100%        2
 Wereblood                Tmut           0%         N/A       100%        2
 Gell's Gravitas          Tloc           0%         N/A       100%        3
 Ignite Poison            Fire/Tmut/Pois 0%         N/A       100%        3
 Teleport Other           Tloc           0%         N/A       100%        3
 Volatile Blastmotes      Fire/Tloc      0%         2d10      100%        3
 Animate Armour           Summ/Erth      0%         N/A       100%        4
 Flame Wave               Conj/Fire      0%         2d4       100%        4
 Fulminant Prism          Conj/Hex       0%         3d5       100%        4
 Iskenderun's Mystic Bla  Conj/Tloc      0%         2d3       100%        4
 Leda's Liquefaction      Hex/Erth       0%         N/A       100%        4
 Manifold Assault         Tloc           0%         N/A       100%        4
 Petrify                  Tmut/Erth      0%         N/A       100%        4
 Sticky Flame             Conj/Fire      0%         2d3       100%        4
 Arcjolt                  Conj/Air       0%         1d10      100%        5
 Blade Hands              Tmut           0%         N/A       100%        5
 Irradiate                Conj/Tmut      0%         3d11      100%        5
 Lee's Rapid Deconstruct  Erth           0%         3d4*      100%        5
 Summon Forest            Summ/Tloc      0%         N/A       100%        5
 Summon Mana Viper        Hex/Summ       0%         N/A       100%        5
 Conjure Ball Lightning   Conj/Air       0%         3x3d6     100%        6
 Iron Shot                Conj/Erth      0%         9d1       100%        6
 Statue Form              Tmut/Erth      0%         N/A       100%        6
 Summon Cactus Giant      Summ           0%         N/A       100%        6
 Storm Form               Tmut/Air       0%         N/A       100%        7
 Summon Hydra             Summ           0%         N/A       100%        7
 Discord                  Hex            0%         N/A       100%        8
 Disjunction              Tloc           0%         N/A       100%        8
 Ignition                 Fire           0%         3d3       100%        8
 Maxwell's Capacitive Co  Air            0%         ∞         100%        8
 Blink                    Tloc           Unusable   N/A       N/A         2
 Vhi's Electric Charge    Tloc/Air       Unusable   N/A       N/A         3

Dungeon Overview and Level Annotations

Branches:
Dungeon (15/15)            Temple (1/1) D:6            Lair (5/5) D:8
 Shoals (0/4) Lair:2        Snake (4/4) Lair:3        Slime (0/5) Lair:4
    Orc (2/2) D:9             Elf (0/3) Orc:2        Vaults (0/5) D:13
 Depths (0/4) D:15        Ossuary (visited)

Altars:
Cheibriados
Dithmenos
Elyvilon
Fedhas
Gozag
Kikubaaqudgha
Makhleb
Okawaru
Sif Muna
Trog
Uskayaw
Vehumet
Wu Jian
Zin
Jiyva

Shops:
D:5 :??(   D:7 =   D:9 ([   D:10 [?*   Orc:2 :*(*   Snake:3 (

Annotations:
D:8 3 runed translucent doors, Sku's ghost, novice DjHW
Snake:4 Aizul


Innate Abilities, Weirdness & Mutations

You cannot be hasted, slowed, berserked, paralysed or teleported.
You can dig through walls and to a lower floor.
You have a pair of large antennae on your head. (SInv)
Your four strong arms can wield two-handed weapons with a shield.


Message History

You hit the naga ritualist.
You feel sick.
You are more poisoned.
You block the naga ritualist's attack. x2
You slice the naga ritualist like a ripe choko!!!
You kill the naga ritualist!
Makhleb accepts your kill.
You feel sick.
You feel sick.
Things that are here:
a +0 dire flail; a +0 robe You feel sick.
Things that are here:
a +0 halberd; a salamander corpse You feel sick.
There is an open door, spattered with blood here.
Things that are here:
a +0 short sword; a +0 robe; a naga corpse You feel sick.
You close the door, pushing everything out of the way.
Things that are here:
a +0 robe; a +0 short sword You feel sick.
You start resting.
You feel sick.
You are no longer poisoned.
You start resting.
You start resting.
You feel less vulnerable to poison.
You start resting.
You open the door.
There is an open door, spattered with blood here.
Things that are here:
a +0 halberd; a salamander corpse
Things that are here:
a +0 dire flail; a +0 robe A salamander comes into view.
The salamander wields a +0 shortbow of flaming.
It bursts into flame!
The salamander shoots an arrow.
The arrow closely misses you.
The salamander shoots an arrow.
You block the arrow with your +4 tower shield of reflection... and reflect it back!
The arrow hits the salamander!
You slash the salamander!
You open the salamander like a pillowcase!!!
You kill the salamander!
Makhleb accepts your kill.
You have reached level 20!
You feel stronger.
You now have 1262 gold pieces (gained 20).
You see here a +0 shortbow of flaming.
A naga warrior comes into view.
It is wielding a +0 glaive. 2 salamander tyrants and Aizul come into view.
A naga comes into view. It is wielding a +0 flail.
The salamander tyrant rends the earth beneath you!
The blast of magma engulfs you!!
The salamander tyrant rends the earth beneath you!
The blast of magma engulfs you!!!
You hear a shout! x3
Okay, then.
You feel very buoyant.
You fly up into the air.
The salamander tyrant gazes fiercely through you!
You feel your attacks grow feeble.
The salamander tyrant rends the earth beneath you!
The blast of magma engulfs you!!
* * * LOW HITPOINT WARNING * * *
A salamander mystic comes into view. It is wielding a +0 quarterstaff.
The naga warrior spits poison at you.
Your +4 tower shield of reflection blocks the splash of poison... and reflects it back!
The splash of poison hits the naga warrior.
You hear a shout! x2
The salamander tyrant rends the earth beneath you!
The blast of magma engulfs you!!!
* * * LOW HITPOINT WARNING * * *
A salamander mystic comes into view. It is wielding a +0 quarterstaff.
A naga warrior comes into view. It is wielding a +0 scimitar.
Unknown command.
As you read the scroll of fog, it crumbles to dust.
The scroll dissolves into smoke.
You see here a +0 shortbow of flaming.
The salamander tyrant gazes fiercely through you!
You feel as though you will be weak longer.
Aizul screams, "I'll haunt your nightmares!"
Things that are here:
a +0 dire flail; a +0 robe The salamander tyrant rends the earth beneath you!
The blast of magma engulfs you!
* * * LOW HITPOINT WARNING * * *
Things that are here:
a +0 halberd; a salamander corpse Aizul coils herself and waves her upper body at you.
The poison arrow hits you.
You are poisoned.
You partially resist.
* * * LOW HITPOINT WARNING * * *
There is an open door, spattered with blood here.
You feel sick.
Things that are here:
a +0 robe; a +0 short sword You reach down and close the door.
You feel sick.
You feel sick.
You feel sick.
You feel sick.
You feel sick.
You feel sick.
You are no longer poisoned.
Careful!
You are starting to lose your buoyancy.
The salamander tyrant calls gouts of flame from the lava!
The flame surge hits you!!
* * * LOW HITPOINT WARNING * * *
You feel more buoyant.
The salamander tyrant calls gouts of flame from the lava!
The flame surge hits you!
* * * LOW HITPOINT WARNING * * *
Okay, then.
You feel much better.
The salamander tyrant calls gouts of flame from the lava!
The flame surge hits you!!
* * * LOW HITPOINT WARNING * * *
The salamander tyrant gazes fiercely through you!
You feel as though you will be weak longer.
You feel much better. Aizul casts a spell at you.
The bolt of poison hits you but does no damage.
You are poisoned.
You resist.
The salamander tyrant gazes fiercely through you!
You feel as though you will be weak longer.
As you read the scroll of fog, it crumbles to dust.
The scroll dissolves into smoke.
You feel very sick. Aizul casts a spell at you.
You fall asleep.
You wake up.
You feel very sick.
You feel very sick.
You feel sick.
You feel sick.
You feel sick.
You feel sick.
You feel sick.
You feel sick.
You feel sick.
The salamander tyrant gazes fiercely through you!
You feel as though you will be weak longer.
The salamander tyrant gazes fiercely through you!
You feel as though you will be weak longer.
You feel better.
The salamander tyrant calls gouts of flame from the lava!
The flame surge hits you!!!
You die...

#†.#....≈≈≈≈≈≈§...#..##...##)..
#)####§#≈≈≈≈§≈#'####......)))#.
#)#......≈§≈≈......##..#.)##...
#)#.......≈≈)......###...###.).
#.#....§..≈§.....†.# ##..###...
###.#.§.§..≈≈≈≈......# ##..#....
#...#§..§§≈≈≈≈≈≈≈....# #......#
...##.§§§§≈≈≈≈≈≈≈≈≈).## ##.....#
.###.§S§§≈≈NN≈N≈@≈≈...## #..).##
.##{{{{{§########§≈≈...## ##.#.##
##..≈§{###......###≈§§.§## #.#.##
#..≈§§##{......§§§##≈≈≈§.###.....
..≈≈≈##....)..§§§§§##≈≈§..###....
.≈≈N##....######§§§.##≈≈≈..##....
≈N≈##...### { ###§§≈##≈≈§..###..
≈≈##†..## { {{##{≈.##§§≈..##..
.≈#≈≈.## { ##{{.#≈≈§§.##..


You could see 2 salamander tyrants and a salamander mystic.

Vanquished Creatures
  Asterion (Lair:3)
  Frances (D:12)
  Agnes (Snake:2)
  Donald (Orc:2)
  Kirke (D:12)
  5 nagarajas
  2 orc warlords
  A stone giant (D:15)
  A dire elephant (Lair:5)
  A blizzard demon (Snake:4)
  9 hydras
  A salamander tyrant (Snake:4)
  An ice dragon (D:13)
  8 centaur warriors
  8 anacondas
  4 tengu warriors
  Erica (Lair:2)
  2 two-headed ogres
  14 death yaks
  5 boulder beetles
  25 naga warriors
  5 orc high priests (Orc:2)
  8 shock serpents
  11 naga sharpshooters
  Amaemon (D:9)
  A skyshark (Lair:3)
  4 salamander mystics
  3 skeletal warriors (D:15)
  Lodul (D:12)
  A wizard (D:13)
  6 naga ritualists
  3 lindwurms
  2 deep elf pyromancers
  3 ugly things (D:14)
  3 orc knights
  18 mana vipers
  An oklob plant (Lair:2)
  An orc sorcerer (Orc:1)
  6 manticores
  20 salamanders
  An elephant (Lair:5)
  8 guardian serpents
  A merfolk siren (Lair:2)
  15 naga magi
  Maurice (D:9)
  44 black mambas
  An orange demon (D:9)
  Maggie (D:6)
  3 gargoyles
  9 cane toads
  A yaktaur (D:15)
  An unseen horror (D:13)
  7 komodo dragons
  A komodo dragon (shapeshifter) (D:14)
  A torpor snail (Lair:2)
  2 rime drakes (Lair:5)
  2 kobold demonologists
  8 trolls
  A troll (shapeshifter) (D:14)
  3 polar bears (Lair:5)
  10 blink frogs
  10 dream sheep
  5 hornets
  14 slime creatures
  9 spriggans (Lair:5)
  3 shadows
  28 yaks
  2 wraiths
  A vampire (D:11)
  5 wyverns
  Eustachio (D:6)
  3 basilisks
  5 hogs (D:12)
  4 steam dragons
  9 vampire mosquitoes
  7 wargs
  Menkaure (D:7)
  49 nagas
  2 acid dragons
  16 water moccasins
  Duvessa (D:7)
  28 orc warriors
  4 ice beasts (D:7)
  9 black bears
  11 ogres
  24 wolves
  5 boggarts (Lair:5)
  10 centaurs
  3 elf zombies (Ossuary)
  12 bullfrogs
  5 scorpions
  10 wights
  Dowan (D:7)
  23 killer bees
  5 electric eels
  4 howler monkeys
  2 human zombies (Ossuary)
  38 orc priests
  4 hounds
  7 jellies
  2 centaur zombies (Ossuary)
  A gnoll bouda (D:5)
  3 iron imps (D:15)
  A sleepcap (D:4)
  5 iguanas
  26 orc wizards
  7 hell rats
  2 mummies (Ossuary)
  16 gnolls
  5 adders
  20 river rats
  A white imp (D:6)
  An ufetubus (D:4)
  3 worms
  2 dart slugs
  105 orcs
  4 endoplasms
  3 giant cockroaches
  4 gnoll zombies (Ossuary)
  6 goblins
  8 hobgoblins
  4 kobolds
  7 quokkas
  5 ball pythons
  4 bats
  A goblin zombie (Ossuary)
  2 orc zombies (Ossuary)
  25 rats
965 creatures vanquished.

Vanquished Creatures (collateral kills)
  Saint Roka (Snake:2)
  Rupert (Lair:4)
  7 death yaks (Lair:3)
  3 salamander mystics
  A salamander (Snake:1)
  2 naga magi
  A guardian serpent (Snake:4)
  2 rime drakes
  A troll (Snake:2)
  A queen bee (Lair:2)
  2 hornets (Lair:5)
  A polar bear (Lair:5)
  3 blink frogs (Lair:2)
  4 spriggans (Lair:5)
  2 basilisks
  5 yaks
  5 nagas
  An acid dragon (D:11)
  2 wargs
  4 ogres
  A wolf (Lair:5)
  A centaur (D:13)
  15 killer bees (Lair:2)
  An orc wizard (Orc:2)
  A hell rat (Lair:3)
  A river rat (Lair:3)
  17 orcs
  3 quokkas (Lair:3)
  3 rats (Lair:3)
92 creatures vanquished.

Vanquished Creatures (others)
  An eldritch tentacle (Snake:4)
  43 fungi
  45 plants
89 creatures vanquished.

Grand Total: 1146 creatures vanquished

Notes
Turn   | Place    | Note
-------+----------+-------------------------------------------
     0 | D:1      | CryoSword the Formicid Fighter began the quest for the Orb.
     0 | D:1      | Reached XP level 1. HP: 18/18 MP: 1/1
   187 | D:1      | Reached skill level 1 in Polearms
   237 | D:1      | Reached XP level 2. HP: 24/24 MP: 2/2
   531 | D:1      | Reached XP level 3. HP: 24/29 MP: 3/3
  1266 | D:2      | Reached XP level 4. HP: 35/35 MP: 4/4
  1529 | D:2      | Reached XP level 5. HP: 12/41 MP: 5/5
  2782 | D:4      | Reached XP level 6. HP: 47/47 MP: 6/6
  2846 | D:4      | Reached skill level 5 in Staves
  2869 | D:4      | Identified the +4 robe "Agroyces" {rN++ Will+ Dex+6}
  2950 | D:4      | Reached XP level 7. HP: 40/52 MP: 7/7
  3014 | D:4      | Found a sand-covered staircase.
  3019 | Ossuary  | Entered an ossuary
  3210 | Ossuary  | Reached XP level 8. HP: 47/58 MP: 8/8
  3672 | D:5      | Entered Level 5 of the Dungeon
  3811 | D:5      | Found Anuusoil's Magic Scroll Boutique.
  3815 | D:5      | Bought a scroll of identify for 30 gold pieces
  3815 | D:5      | Bought a scroll of identify for 30 gold pieces
  3815 | D:5      | Bought 2 scrolls of identify for 60 gold pieces
  3815 | D:5      | Bought a scroll of fear for 60 gold pieces
  4050 | D:5      | Found Ekunwu's Weapon Shop.
  4301 | D:5      | Found a snail-covered altar of Cheibriados.
  4325 | D:5      | Found an ornate altar of the Wu Jian Council.
  4346 | D:5      | Found Yleekkug's Magic Scroll Shop.
  4355 | D:5      | Bought a scroll of enchant weapon for 90 gold pieces
  4355 | D:5      | Bought a scroll of enchant armour for 90 gold pieces
  4355 | D:5      | Bought a scroll of fog for 48 gold pieces
  4355 | D:5      | Bought a scroll of identify for 24 gold pieces
  4355 | D:5      | Bought a scroll of immolation for 48 gold pieces
  4380 | D:5      | Found a bloodstained altar of Trog.
  4567 | D:5      | Found Uheurrem's Book Shoppe.
  4727 | D:5      | Reached skill level 10 in Staves
  4762 | D:5      | Reached XP level 9. HP: 59/64 MP: 9/9
  5174 | D:6      | Found an opulent altar of Gozag.
  5181 | D:6      | Reached skill level 1 in Stealth
  5338 | D:6      | Noticed Eustachio
  5376 | D:6      | Killed Eustachio
  5377 | D:6      | Reached skill level 1 in Dodging
  5430 | D:6      | Found a staircase to the Ecumenical Temple.
  5445 | Temple   | Entered the Ecumenical Temple
  5464 | Temple   | Became a worshipper of Makhleb the Destroyer
  5718 | D:6      | Noticed Maggie
  5740 | D:6      | Killed Maggie
  5741 | D:6      | Reached skill level 5 in Shields
  6368 | D:7      | Noticed Menkaure
  6643 | D:7      | Found a hide-covered altar of Uskayaw.
  6697 | D:7      | Found Hexidwiz's Jewellery Emporium.
  6945 | D:7      | Reached XP level 10. HP: 72/73 MP: 10/10
  7128 | D:7      | Killed Menkaure
  7291 | D:7      | Noticed Dowan
  7298 | D:7      | Reached * piety under Makhleb
  7333 | D:7      | Noticed Duvessa
  7460 | D:7      | Killed Duvessa
  7486 | D:7      | Killed Dowan
  7531 | D:7      | Reached skill level 5 in Armour
  7581 | D:8      | Reached skill level 5 in Fighting
  8142 | D:7      | Reached skill level 5 in Stealth
  8396 | D:8      | Found a staircase to the Lair.
  8585 | D:8      | Found a blossoming altar of Fedhas.
  8835 | D:8      | Reached skill level 1 in Invocations
  8906 | D:8      | Found a runed translucent gate.
  8906 | D:8      | Found a runed translucent gate.
  8907 | D:8      | Found a runed translucent gate.
  8907 | D:8      | Noticed Sku's ghost (novice DjHW)
  8977 | D:8      | Reached XP level 11. HP: 39/76 MP: 3/11
  9320 | D:8      | Reached ** piety under Makhleb
  9526 | D:9      | Found a staircase to the Orcish Mines.
  9526 | D:9      | Found Iptef's Armour Boutique.
  9602 | D:9      | Found Coymotta's Weapon Boutique.
  9623 | D:9      | Bought a +0 lajatang for 210 gold pieces
  9654 | D:9      | Reached skill level 2 in Invocations
  9957 | D:9      | Noticed Amaemon
  9973 | D:9      | Noticed Maurice
  9993 | D:9      | HP: 2/81 [Maurice/+0 short sword (10)]
  9996 | D:9      | Killed Maurice
  9997 | D:9      | Killed Amaemon
  9998 | D:9      | Reached skill level 3 in Invocations
 10453 | D:9      | Found a large runed translucent door.
 10454 | D:9      | Found a large runed translucent door.
 10504 | D:9      | Found a glowing silver altar of Zin.
 10515 | D:9      | Found an iron altar of Okawaru.
 10673 | D:9      | Bought a +1 cloak of poison resistance for 202 gold pieces
 10705 | D:10     | Entered Level 10 of the Dungeon
 10705 | D:10     | Found Saxtiom's Armour Shoppe.
 10705 | D:10     | Found Giavuthre's Magic Scroll Shoppe.
 11041 | D:10     | Reached *** piety under Makhleb
 11094 | D:10     | Found Zuriah's General Store.
 11276 | D:10     | Reached skill level 4 in Invocations
 11531 | D:11     | Reached XP level 12. HP: 78/91 MP: 12/15
 11975 | D:11     | Noticed a boulder beetle
 11999 | D:11     | Noticed a two-headed ogre
 12007 | D:11     | Killed a two-headed ogre
 12008 | D:11     | Reached skill level 5 in Invocations
 12009 | D:11     | Killed a boulder beetle
 12216 | D:11     | Reached **** piety under Makhleb
 12231 | D:11     | Reached skill level 6 in Invocations
 12695 | Lair:1   | Entered Level 1 of the Lair of Beasts
 12859 | D:10     | Bought a scroll of brand weapon for 133 gold pieces
 13402 | Lair:1   | Reached skill level 7 in Invocations
 13781 | Lair:2   | Found a burning altar of Makhleb.
 13821 | Lair:2   | Noticed Erica
 13838 | Lair:2   | Killed Erica
 13935 | Lair:2   | Reached skill level 8 in Invocations
 13966 | Lair:2   | Reached skill level 10 in Shields
 13979 | Lair:2   | Reached XP level 13. HP: 87/99 MP: 19/19
 14023 | Lair:2   | Identified the +1 robe "Tuvidyl" {rElec Will+ Dex-5 Stlth+}
 14170 | Lair:2   | Found a staircase to the Shoals.
 14191 | Lair:2   | Found a hide-covered altar of Uskayaw.
 14259 | Lair:2   | Reached skill level 9 in Invocations
 14833 | Lair:3   | Noticed a six-headed hydra
 14851 | Lair:2   | Killed a six-headed hydra
 15071 | Lair:3   | Noticed a four-headed hydra
 15081 | Lair:3   | Killed a four-headed hydra
 15197 | Lair:3   | Reached skill level 5 in Dodging
 15197 | Lair:3   | Reached skill level 10 in Invocations
 15587 | Lair:3   | HP: 5/101 [death yak (10)]
 15588 | Lair:3   | Reached skill level 11 in Invocations
 15860 | Lair:3   | Found a staircase to the Snake Pit.
 16102 | Lair:3   | Reached ***** piety under Makhleb
 16149 | Lair:3   | You fall into a shaft and drop 2 floors!
 16149 | Lair:5   | Entered Level 5 of the Lair of Beasts
 16157 | Lair:5   | Reached XP level 14. HP: 98/108 MP: 19/22
 16263 | Lair:5   | Reached skill level 10 in Fighting
 16289 | Lair:5   | Identified 3 scrolls of acquirement
 16292 | Lair:5   | Acquired the ring of Puplud {rElec Str+2 Slay+4}
 16296 | Lair:5   | Acquired the +0 plate armour of Ennui {rC+++ rN+ Str-2
                  | Slay+5}
 16309 | Lair:5   | Acquired a manual of Fighting
 16460 | Lair:5   | Reached skill level 12 in Invocations
 16717 | Lair:4   | Found a staircase to the Slime Pits.
 16723 | Lair:4   | Found a viscous altar of Jiyva.
 16789 | Lair:4   | Identified the +1 robe "Forget-Me-Not" {Fly rC- rCorr}
 16889 | Lair:4   | Noticed Rupert
 17629 | Lair:4   | Killed Rupert
 17867 | Lair:5   | Reached skill level 13 in Invocations
 17959 | Lair:5   | Reached XP level 15. HP: 117/122 MP: 22/24
 19099 | D:12     | Noticed Frances
 19116 | D:12     | Killed Frances
 19117 | D:12     | Reached skill level 10 in Armour
 19278 | D:12     | Reached skill level 14 in Invocations
 19431 | D:12     | Noticed Lodul
 19451 | D:12     | Killed Lodul
 19492 | D:12     | Noticed Kirke
 19504 | D:12     | Killed Kirke
 20403 | D:13     | Reached skill level 15 in Fighting
 20432 | D:13     | Found a gate to the Vaults.
 21136 | D:14     | Reached XP level 16. HP: 132/136 MP: 23/27
 21306 | D:14     | Reached skill level 1 in Evocations
 21434 | D:14     | Identified the +3 spear of Suicidal Tendencies {freeze,
                  | rF+++ Stlth-}
 21813 | D:15     | Entered Level 15 of the Dungeon
 21987 | D:15     | Reached skill level 15 in Invocations
 22663 | D:15     | Found a staircase to the Depths.
 22761 | D:15     | Found a burning altar of Makhleb.
 22973 | Orc:1    | Entered Level 1 of the Orcish Mines
 23876 | Orc:2    | Entered Level 2 of the Orcish Mines
 23885 | Orc:2    | Noticed Donald
 23905 | Orc:2    | Killed Donald
 24365 | Orc:2    | Reached ****** piety under Makhleb
 24560 | Orc:2    | Found Qostreza's Book Emporium.
 24560 | Orc:2    | Found Vutiet's Assorted Antiques.
 24619 | Orc:2    | Found Zyomim's Antique Weapon Emporium.
 24619 | Orc:2    | Found Luraimej's General Store.
 24666 | Orc:2    | Bought a potion of heal wounds for 75 gold pieces
 24836 | Orc:2    | Found a staircase to the Elven Halls.
 25096 | Orc:2    | Bought a phantom mirror for 600 gold pieces
 25254 | D:5      | Bought a scroll of acquirement for 780 gold pieces
 25376 | D:10     | Bought a scroll of magic mapping for 82 gold pieces
 25376 | D:10     | Bought a phial of floods for 440 gold pieces
 25409 | D:10     | Bought a scroll of fog for 56 gold pieces
 25409 | D:10     | Acquired 700 gold pieces
 25596 | Snake:1  | Entered Level 1 of the Snake Pit
 25702 | Snake:1  | Noticed Asterion
 25717 | Snake:1  | Noticed an Executioner
 25937 | Lair:3   | Killed Asterion
 26343 | Snake:1  | Found a transporter.
 26349 | Snake:1  | Reached skill level 16 in Invocations
 26352 | Snake:1  | Found a transporter.
 26409 | Snake:1  | Found a transporter.
 26410 | Snake:1  | Found a transporter.
 26417 | Snake:1  | Reached XP level 17. HP: 134/146 MP: 26/29
 26821 | Snake:1  | Found a transporter.
 26822 | Snake:1  | Found a transporter.
 27188 | Snake:2  | Noticed Saint Roka
 27220 | Snake:2  | Killed Saint Roka
 27528 | Snake:2  | Noticed Agnes
 27539 | Snake:2  | Killed Agnes
 27778 | Snake:2  | Reached skill level 5 in Evocations
 27918 | Snake:2  | Reached skill level 15 in Shields
 28814 | Snake:2  | Reached skill level 17 in Invocations
 29883 | Snake:3  | Reached XP level 18. HP: 117/155 MP: 21/30
 30258 | Snake:3  | Found Puibuy's Antique Weapon Boutique.
 30364 | Snake:3  | Found a runed translucent door.
 30608 | Snake:3  | Reached skill level 10 in Dodging
 30973 | Snake:4  | Entered Level 4 of the Snake Pit
 30973 | Snake:4  | Found the +11 Singing Sword {sonic wave}
 31002 | Snake:4  | Reached XP level 19. HP: 97/161 MP: 14/31
 31013 | Snake:4  | Reached skill level 18 in Invocations
 31255 | Snake:4  | Identified the +3 short sword of Revolt {flame, rElec Str-4
                  | Int+3 Dex+5}
 32153 | Snake:4  | Reached XP level 20. HP: 170/170 MP: 33/33
 32162 | Snake:4  | Noticed Aizul
 32193 | Snake:4  | HP: 2/170 [salamander tyrant/flame surge (11)]
 32206 | Snake:4  | Killed from afar by a salamander tyrant

Illustrated notes

Levels and vault maps discovered:
D:1:      grunt_arrival_lava_bath, layout_loops_corners, chequers_big_river,
          amcnicky_mini_pool_small
D:2:      layout_basic
D:3:      layout_basic
D:4:      layout_rooms, nicolae_ossuary_entry_false_entrances
D:5:      layout_gridville, mainiacjoe_overflow_catch_the_wave,
          trog_ov_bears_minmay, serial_shops, shop,
          nicolae_shop_pleasant_corner_grove, nicolae_shop_real_fake_doors, shop
D:6:      layout_basic, nicolae_gozag_seed_capital,
          minmay_temple_entry_gardened_gates, uniq_eustachio, uniq_maggie
D:7:      layout_cave_pods, general_overflow_altar, serial_shops,
          nicolae_shop_gaudy_bauble, uniq_duvessa, uniq_menkaure
D:8:      layout_gridville, overflow_temple_1_default,
          grunt_lair_entry_orc_guard_hut, ebering_ghost_rock_garden
D:9:      layout_rooms, jmf_multi_god_temple2, orc_david_3, uniq_amaemon,
          uniq_maurice
D:10:     layout_roguey, serial_shops, shop, nicolae_shop_hallway_stairs,
          nicolae_shop_getting_attention, dk_rats_in_the_wall
D:11:     layout_loops_ring, kennysheep_small_circle
D:12:     layout_big_octagon, hangedman_abyss_or_decor_passed, uniq_kirke,
          uniq_lodul, uniq_frances
D:13:     layout_grid_maze, david_vaults_4, minmay_joined_circles
D:14:     layout_roguey
D:15:     grunt_enter_depths_snipers, layout_basic, demons_altar
Temple:   nicolae_temple_superstar
Lair:1:   layout_cave_pods, lemuel_fruit_tree
Lair:2:   layout_roguey [special_room_bee], elwin_shoals_entry_rooms,
          basic_altar, lemuel_oklob_altar, serial_bayou_shore_b, uniq_erica
Lair:3:   lemuel_ratsnest, layout_gridlike, guppyfry_snake_entry_garden,
          grunt_megastairs_5
Lair:4:   layout_roguey, nicolae_slime_entry_field_trip, lemuel_fruit_fields,
          infiniplex_staircase_pool_2, uniq_rupert, uniq_josephine
Lair:5:   minmay_lair_end_enchanted_forest, layout_hall_layers,
          nicolae_lair_lakeside_cave
Snake:1:  layout_rooms, serial_nicolae_subway, nicolae_sub_station_metal,
          nicolae_sub_station_crystal, nicolae_sub_station_stone, uniq_asterion
Snake:2:  layout_layer_cave, serial_bayou_shore_b, uniq_agnes, uniq_saint_roka
Snake:3:  nicolae_snake_hallway, layout_rooms, serial_shops,
          nicolae_shop_tiny_waterfront, lightli_airlock
Snake:4:  snake_pit_salamanders_mu, layout_misc_corridors, uniq_aizul
Orc:1:    layout_caves, mines2_lemuel
Orc:2:    st_orc_town, layout_caves, hellmonk_bongcloud_opening, uniq_donald

Skill      XL: |  1  2  3  4  5  6  7  8  9 10 11 12 13 14 15 16 17 18 19 |
---------------+----------------------------------------------------------+-----
Polearms       | 1 2 3 |  3.2
Staves         | 3 4 6 7 10 11 12 13 | 13.8
Stealth        | 3 5 |  5.5
Dodging        | 2 3 4 5 6 7 8 9 10 | 10.0
Fighting       | 4 5 7 8 9 12 15 16 17 | 17.8
Armour         | 4 5 7 8 9 10 11 12 13 14 | 14.3
Shields        | 5 6 8 10 11 12 13 14 15 16 | 16.4
Invocations    | 1 4 8 11 13 14 16 17 18 | 18.8
Evocations     | 4 6 8 |  8.0

Action                     |  1- 3 |  4- 6 |  7- 9 | 10-12 | 13-15 | 16-18 | 19-21 || total
---------------------------+-------+-------+-------+-------+-------+-------+-------++-------
  Melee: Quarterstaff      |    72 |   110 |   312 |   595 |    48 |     9 |       ||  1146
         Lajatang          |       |       |       |   118 |   708 |  1066 |   241 ||  2133
  Throw: Dart              |       |       |     4 |    11 |     1 |     1 |       ||    17
         Boomerang         |       |       |     1 |     4 |       |       |       ||     5
 Invoke: Lesser Servant of |       |       |       |     5 |    30 |    21 |       ||    56
         Greater Servant o |       |       |       |       |       |     3 |       ||     3
Ability: Dig               |       |       |       |     5 |       |     1 |     1 ||     7
  Evoke: Wand              |       |       |       |     3 |    15 |     3 |       ||    21
         Box of beasts     |       |       |       |       |     1 |     1 |       ||     2
         Condenser vane    |       |       |       |       |       |     2 |       ||     2
         Phantom mirror    |       |       |       |       |       |     1 |       ||     1
    Use: Scroll            |     2 |     4 |    12 |    11 |    10 |     5 |     2 ||    46
         Potion            |       |       |     3 |     3 |     4 |     1 |     5 ||    16
   Stab: Sleeping          |       |       |     2 |     1 |       |       |       ||     3
         Distracted        |       |       |       |     2 |     5 |     4 |       ||    11
 Armour: Scale mail        |    25 |     7 |       |       |       |       |       ||    32
         Chain mail        |       |    17 |    80 |       |       |       |       ||    97
         Acid dragon scale |       |       |     9 |    50 |       |       |       ||    59
         Plate armour      |       |       |       |   132 |   338 |   349 |    50 ||   869
  Dodge: Dodged            |    31 |    73 |   169 |   388 |   416 |   399 |    69 ||  1545
  Block: Buckler           |    18 |    19 |    80 |   182 |   225 |   117 |       ||   641
         Kite shield       |       |       |       |       |       |   257 |       ||   257
         Reflection        |       |       |       |       |       |    57 |    35 ||    92
         Tower shield      |       |       |       |       |       |   335 |   207 ||   542

Table legend: (Time is in decaauts)
 A = Elapsed time spent in this place.
 B = Non-inter-level travel time spent in this place.
 C = Inter-level travel time spent in this place.
 D = Time resting spent in this place.
 E = Time spent auto-exploring this place.
 F = Levels seen in this place.
 G = Mean time per level.
                   A        B        C        D        E       F      G
               +--------+--------+--------+--------+--------+-----+--------+
         Total |  31367 |  28880 |   2487 |   4753 |  17282 |  28 | 1120.2 |
       Dungeon |  17051 |  15467 |   1584 |   2676 |   9396 |  15 | 1136.7 |
        Temple |     38 |     20 |     18 |      0 |     12 |   1 |   38.0 |
          Lair |   6451 |   5925 |    526 |    911 |   3545 |   5 | 1290.2 |
     Snake Pit |   5855 |   5591 |    264 |    991 |   3236 |   4 | 1463.8 |
  Orcish Mines |   1665 |   1570 |     95 |    124 |    947 |   2 |  832.5 |
       Ossuary |    304 |    304 |      0 |     51 |    146 |   1 |  304.0 |
               +--------+--------+--------+--------+--------+-----+--------+

Top non-repeatable levels by time:
     D:8: 1950 daAuts
 Snake:2: 1908 daAuts
 Snake:1: 1736 daAuts
     D:9: 1682 daAuts
  Lair:3: 1633 daAuts
  Lair:2: 1530 daAuts
     D:7: 1489 daAuts
  Lair:5: 1415 daAuts
     D:6: 1405 daAuts
    D:13: 1397 daAuts
     D:1: 1349 daAuts
     D:5: 1273 daAuts
 Snake:4: 1124 daAuts
    D:11: 1107 daAuts
 Snake:3: 1085 daAuts
